[Event "Titled Tuesday Blitz February 14 Late 2023"]
[White "Grot, Blazej"]
[Black "Cardozo Munar, Carlos Eduardo"]
[WhiteFideId "21835845"]
[BlackFideId "4409477"]
[WhiteElo "1990"]
[BlackElo "2043"]
[Result "1-0"]
[Round "04"]
[TimeControl "180+2"]
[Date "2023.02.14"]
[WhiteClock "0:01:24"]
[BlackClock "0:01:11"]

1. e4 e6 2. d3 d5 3. Nd2 Nf6 4. Ngf3 c5 5. g3 Nc6 6. Bg2 Be7 7. O-O b5 8. Re1 a5 9. h4 a4 10. Nf1 b4 11. N1h2 Bb7 12. e5 Nd7 13. Bf4 a3 14. b3 Qc7 15. h5 h6 16. Qd2 Nd4 17. Nxd4 cxd4 18. Nf3 Qc3 19. Qxc3 dxc3 20. Nd4 O-O 21. Nb5 Rfd8 22. g4 Nf8 23. Be3 f6 24. exf6 Bxf6 25. Bc5 Ba6 26. Nc7 Rdc8 27. Nxa8 Rxc5 28. Nb6 Rc6 29. Na4 Kf7 30. Rad1 Bb5 31. Rb1 Nd7 32. Red1 Ra6 33. d4 Bxa4 34. bxa4 Rxa4 35. Bf1 Be7 36. Bb5 Ra8 37. Bxd7 Rd8 38. Bb5 Kf6 39. Bd3 Kg5 40. f3 Kf4 41. Kg2 Bf6 42. Rxb4 Ke3 43. Re1+ Kd2 44. Re2+ Kd1 45. Rb1# 1-0


[Site "https://www.chess.com"]

[Event "Titled Tuesday Blitz February 14 Late 2023"]
[White "Sabar, Ethmane Daouda"]
[Black "Poeta, Caio Medeiros"]
[WhiteFideId "19600097"]
[BlackFideId "2142660"]
[WhiteElo "2040"]
[BlackElo "2088"]
[Result "1-0"]
[Round "04"]
[TimeControl "180+2"]
[Date "2023.02.14"]
[WhiteClock "0:00:14"]
[BlackClock "0:00:17"]

1. e4 c6 2. d4 d5 3. Nc3 dxe4 4. Nxe4 Bf5 5. Ng3 Bg6 6. h4 h6 7. h5 Bh7 8. Nf3 Nd7 9. Bd3 Bxd3 10. Qxd3 e6 11. Bf4 Qa5+ 12. Bd2 Bb4 13. c3 Be7 14. O-O Ngf6 15. b4 Qc7 16. Ne4 Nxh5 17. g3 O-O 18. Kg2 Rad8 19. Rh1 Nhf6 20. Nxf6+ Bxf6 21. Qe4 e5 22. Nh4 Bxh4 23. Rxh4 f5 24. Qf3 e4 25. Qe2 Rf6 26. Qc4+ Kh7 27. Bg5 Rdf8 28. Bxf6 Nxf6 29. Qe6 Nd5 30. Rah1 Rf6 31. Qe8 Nxc3 32. a3 Nd5 33. b5 Qa5 34. bxc6 bxc6 35. Rb1 Nb6 36. Rc1 Qxa3 37. Rxc6 Qf3+ 38. Kg1 Rxc6 39. Qxc6 e3 40. Qxf3 exf2+ 41. Kxf2 Nc4 42. Qxf5+ Kg8 43. Qd5+ Kh7 44. Qxc4 Kg6 45. Rg4+ Kh7 46. Qf7 h5 47. Qxg7# 1-0


[Site "https://www.chess.com"]

[Event "Titled Tuesday Blitz February 14 Late 2023"]
[White "Mareco, Sandro"]
[Black "Bongo Akanga Ndjila, Barthelemy"]
[WhiteFideId "112275"]
[BlackFideId "10609431"]
[WhiteElo "2633"]
[BlackElo "1824"]
[Result "0-1"]
[Round "04"]
[TimeControl "180+2"]
[Date "2023.02.14"]
[WhiteClock "0:00:26"]
[BlackClock "0:01:05"]

1. d4 d5 2. Nc3 e6 3. Bf4 Bd6 4. e3 Nf6 5. Nf3 c6 6. Bd3 Qc7 7. Qd2 Nbd7 8. O-O b6 9. Rfe1 Bb7 10. a4 a5 11. Rad1 O-O 12. Bxd6 Qxd6 13. e4 dxe4 14. Nxe4 Nxe4 15. Bxe4 Nf6 16. Bd3 b5 17. Ng5 h6 18. Ne4 Nxe4 19. Bxe4 bxa4 20. Ra1 Ba6 21. Rxa4 Bb5 22. Ra3 a4 23. Qe3 Rad8 24. c3 Rc8 25. Bc2 c5 26. dxc5 Qxc5 27. Qxc5 Rxc5 28. Bxa4 Bc4 29. Bb3 Bd3 30. Rd1 Bf5 31. Ba2 Rb8 32. b4 Re5 33. Kf1 Bc2 34. Re1 Bd3+ 35. Re2 Rxe2 0-1


[Site "https://www.chess.com"]

[Event "Titled Tuesday Blitz February 14 Late 2023"]
[White "Dzida, Kamil"]
[Black "Gurevich, Ilya"]
[WhiteFideId "21828652"]
[BlackFideId "2000628"]
[WhiteElo "2352"]
[BlackElo "2586"]
[Result "1-0"]
[Round "04"]
[TimeControl "180+2"]
[Date "2023.02.14"]
[WhiteClock "0:00:05"]
[BlackClock "0:00:03"]

1. e4 c5 2. Nf3 e6 3. g3 d5 4. exd5 exd5 5. d4 Nc6 6. Bg2 cxd4 7. O-O Bc5 8. Nbd2 Nge7 9. Nb3 Bb6 10. Nfxd4 O-O 11. c3 a5 12. a4 Re8 13. Bg5 f6 14. Be3 Ne5 15. Re1 Bg4 16. f3 Bh5 17. Kh1 Nc4 18. Bc1 Nc6 19. Nxc6 bxc6 20. Nd4 Bxd4 21. cxd4 Rb8 22. b3 Rxb3 23. Bf4 Rb2 24. g4 Bg6 25. Rc1 Re7 26. Bf1 Bf7 27. Rxe7 Qxe7 28. Rb1 h5 29. Rxb2 Nxb2 30. Qb3 Qe1 31. Kg2 Qb4 32. Qe3 Nxa4 33. gxh5 Nc3 34. h6 gxh6 35. Bxh6 Nd1 36. Qf4 Qb2+ 37. Kh1 Nf2+ 38. Kg1 Kh7 39. Bf8 Kg8 40. Qh6 Nh3+ 41. Bxh3 Qc1+ 42. Qxc1 Bg6 43. Qh6 Kf7 44. Qg7+ Ke8 45. Qe7# 1-0


[Site "https://www.chess.com"]

[Event "Titled Tuesday Blitz February 14 Late 2023"]
[White "Delorme, Alban"]
[Black "Forgacs, Attila Jr."]
[WhiteFideId "623636"]
[BlackFideId "773654"]
[WhiteElo "2298"]
[BlackElo "2264"]
[Result "0-1"]
[Round "04"]
[TimeControl "180+2"]
[Date "2023.02.14"]
[WhiteClock "0:01:01"]
[BlackClock "0:00:28"]

1. e4 e5 2. Nf3 Nc6 3. Bc4 Nf6 4. d4 exd4 5. e5 d5 6. Bb5 Ne4 7. Nxd4 Bd7 8. Bxc6 bxc6 9. O-O Bc5 10. f3 Ng5 11. Be3 Bb6 12. f4 Ne4 13. Nd2 c5 14. N4f3 Nxd2 15. Qxd2 d4 16. Bf2 Bc6 17. c3 Bxf3 18. gxf3 Qd5 19. Qd3 O-O-O 20. Qa6+ Kb8 21. a4 c4 22. a5 Bc5 23. Rfd1 Ka8 24. Bxd4 Qxf3 25. Rf1 Rxd4 26. cxd4 Bxd4+ 27. Rf2 Qxf2+ 28. Kh1 Qf3# 0-1


[Site "https://www.chess.com"]

[Event "Titled Tuesday Blitz February 14 Late 2023"]
[White "Levine, David"]
[Black "CheckBits"]
[WhiteFideId "2011611"]
[WhiteElo "2040"]
[BlackElo "2468"]
[Result "0-1"]
[Round "04"]
[TimeControl "180+2"]
[Date "2023.02.14"]
[WhiteClock "0:00:05"]
[BlackClock "0:01:23"]

1. d4 e6 2. c4 b6 3. f3 Bb7 4. e4 d5 5. e5 Ne7 6. Nc3 Nd7 7. cxd5 Nxd5 8. Bb5 Be7 9. Nge2 O-O 10. O-O c5 11. f4 a6 12. Bd3 cxd4 13. Nxd5 Bxd5 14. Ng3 g6 15. Ne4 Nc5 16. Nxc5 bxc5 17. Qe2 Qb6 18. b3 a5 19. Bd2 a4 20. bxa4 Rxa4 21. Rab1 Qa7 22. Qg4 c4 23. Bxg6 fxg6 24. h4 Rf5 25. Rb5 Rxa2 26. Rfb1 d3+ 27. Kh1 Rxd2 0-1


[Site "https://www.chess.com"]

[Event "Titled Tuesday Blitz February 14 Late 2023"]
[White "Yedidia, Daniel"]
[Black "Manu_ChessExcelsior"]
[WhiteFideId "30905907"]
[WhiteElo "2041"]
[BlackElo "1985"]
[Result "1-0"]
[Round "04"]
[TimeControl "180+2"]
[Date "2023.02.14"]
[WhiteClock "0:02:00"]
[BlackClock "0:00:17"]

1. d4 d5 2. c4 e6 3. Nc3 a6 4. Nf3 dxc4 5. a4 Nc6 6. e4 Na5 7. Bg5 Be7 8. h4 h6 9. Bxe7 Qxe7 10. Be2 Qb4 11. O-O Qxb2 12. Rc1 Qb4 13. e5 Ne7 14. d5 Nxd5 15. Nxd5 exd5 16. Qxd5 Be6 17. Qe4 O-O 18. Nd4 c3 19. Bd3 g6 20. Qf4 Kh7 21. Nxe6 Qxf4 22. Nxf4 Rfe8 23. e6 Kg7 24. Rxc3 c6 25. exf7 Re5 26. Nxg6 Rd5 27. f8=Q+ Rxf8 28. Nxf8 Kxf8 29. Re1 1-0


[Site "https://www.chess.com"]

[Event "Titled Tuesday Blitz February 14 Late 2023"]
[White "Melikhov, Evgeny V."]
[Black "Petrovic, Aleksa"]
[WhiteFideId "4122046"]
[BlackFideId "967629"]
[WhiteElo "2269"]
[BlackElo "2332"]
[Result "0-1"]
[Round "04"]
[TimeControl "180+2"]
[Date "2023.02.14"]
[WhiteClock "0:00:04"]
[BlackClock "0:01:43"]

1. d4 e6 2. c4 Nf6 3. Nc3 Bb4 4. Qc2 O-O 5. e4 d5 6. e5 Ne4 7. Bd3 c5 8. Nf3 cxd4 9. Nxd4 Nd7 10. Bf4 Qh4 11. g3 Qh5 12. O-O Bxc3 13. bxc3 Nxe5 14. Bxe4 dxe4 15. Qxe4 Nxc4 16. Rab1 e5 17. Rb5 Bh3 18. Bxe5 Bxf1 19. Bxg7 Qd1 20. Rb1 Bd3+ 21. Rxd1 Bxe4 22. Bxf8 Kxf8 23. f3 Bc6 24. Nf5 Bxf3 25. Rd4 Ne5 26. Kf2 Bc6 27. Rh4 Kg8 28. Ne7+ Kg7 29. Rh5 f6 30. Nf5+ Kg6 0-1


[Site "https://www.chess.com"]

[Event "Titled Tuesday Blitz February 14 Late 2023"]
[White "Li, Hui"]
[Black "Tworuszka, Michal"]
[WhiteFideId "15400310"]
[BlackFideId "1117858"]
[WhiteElo "1963"]
[BlackElo "2260"]
[Result "0-1"]
[Round "04"]
[TimeControl "180+2"]
[Date "2023.02.14"]
[WhiteClock "0:00:06"]
[BlackClock "0:00:40"]

1. e4 c5 2. Nf3 d6 3. d4 cxd4 4. Nxd4 Nf6 5. Nc3 a6 6. Be2 e5 7. Nb3 Be7 8. O-O O-O 9. Be3 Be6 10. Qd2 Nbd7 11. a4 Rc8 12. a5 Qc7 13. Rfd1 Rfd8 14. Qe1 h6 15. Bf3 Nb8 16. Bb6 Qd7 17. Bxd8 Bxd8 18. Qd2 Bc7 19. Qe3 Nc6 20. h3 Bxb3 21. cxb3 Nxa5 22. Nd5 Nxd5 23. Rxd5 Nc6 24. Bg4 Qe8 25. Bxc8 Qxc8 26. Rc1 Bb8 27. Qe2 Qd8 28. Qg4 Ba7 29. g3 g6 30. Kg2 Kg7 31. h4 h5 32. Qg5 Qb6 33. Rf1 Qb4 34. Kh2 Bc5 35. f4 Qxe4 36. Rd2 f6 0-1


[Site "https://www.chess.com"]

[Event "Titled Tuesday Blitz February 14 Late 2023"]
[White "Estrada Nieto, Julian"]
[Black "Ruiz Aguilar, Pablo Alexander"]
[WhiteFideId "5101018"]
[BlackFideId "4401352"]
[WhiteElo "2215"]
[BlackElo "2161"]
[Result "0-1"]
[Round "04"]
[TimeControl "180+2"]
[Date "2023.02.14"]
[WhiteClock "0:00:06"]
[BlackClock "0:00:04"]

1. e4 c5 2. Nf3 e6 3. c3 d5 4. exd5 Qxd5 5. d4 Nc6 6. Na3 cxd4 7. Nb5 Qd8 8. Nbxd4 Nxd4 9. Nxd4 Bd7 10. Be3 Nf6 11. Bd3 a6 12. O-O Bd6 13. Nf3 Qc7 14. Bd4 Bc6 15. h3 Rd8 16. Qe2 Nd5 17. Be5 Bxe5 18. Qxe5 O-O 19. Rad1 Qxe5 20. Nxe5 Ba4 21. b3 f6 22. bxa4 fxe5 23. Bc4 Kf7 24. Rfe1 Kf6 25. Rd3 Nf4 26. Rf3 Rc8 27. Bb3 Ke7 28. Rxe5 Rc6 29. Kh2 Ng6 30. Rxf8 Nxf8 31. f4 Nd7 32. Re4 Kf6 33. g4 Nc5 34. Rb4 a5 35. Rb5 b6 36. g5+ Ke7 37. Bc2 Rd6 38. Kg3 g6 39. Rb1 Rd2 40. Bb3 Rd3+ 41. Kf2 Rxc3 42. Rd1 Nxb3 43. axb3 Rxb3 44. Rc1 Rb4 45. Kf3 Kd6 46. Rd1+ Kc6 47. Rc1+ Kd5 48. Rd1+ Rd4 49. Rb1 Rb4 50. Rd1+ Kc6 51. Rc1+ Kd7 52. Rd1+ Ke7 53. Rc1 Rxa4 54. Rc7+ Kd6 55. Rxh7 Ra3+ 56. Kg4 Ra1 57. Rg7 b5 58. Rxg6 Rg1+ 59. Kh5 Kd5 60. Rf6 b4 61. Rf8 b3 62. Rb8 a4 63. g6 a3 64. Rxb3 a2 65. Ra3 a1=Q 66. Rxa1 Rxa1 67. Kg5 Rg1+ 68. Kf6 Ke4 69. h4 Kxf4 70. Kxe6 Rxg6+ 71. Kf7 Rh6 72. Kg7 Rxh4 73. Kg6 Rg4+ 74. Kf6 Rg5 75. Ke6 Rf5 76. Kd6 Re5 77. Kc6 Ke4 78. Kd6 Kd4 79. Kc6 Rd5 80. Kb6 Kc4 81. Kc6 Rd4 82. Kc7 Rd5 83. Kc6 Re5 84. Kd6 Kd4 85. Kc6 Rd5 86. Kb6 Rc5 87. Kb7 Kd5 88. Kb6 Kc4 89. Kb7 Kb5 90. Kb8 Kb6 0-1


[Site "https://www.chess.com"]

[Event "Titled Tuesday Blitz February 14 Late 2023"]
[White "Sztokbant, Bernardo Vainzoff"]
[Black "Alfaro, William"]
[WhiteFideId "2115956"]
[BlackFideId "6100457"]
[WhiteElo "2213"]
[BlackElo "2134"]
[Result "1-0"]
[Round "04"]
[TimeControl "180+2"]
[Date "2023.02.14"]
[WhiteClock "0:00:02"]
[BlackClock "0:00:03"]

1. d4 Nf6 2. Nf3 e6 3. g3 d5 4. Bg2 c5 5. O-O Nc6 6. c4 dxc4 7. Be3 Be7 8. dxc5 O-O 9. Qc2 Nd5 10. Qxc4 Nxe3 11. fxe3 Qa5 12. Rc1 e5 13. Nbd2 Be6 14. Qc3 Qxc3 15. Rxc3 f5 16. a3 a5 17. Nc4 Bf6 18. Rd1 Rad8 19. Nd6 Rd7 20. Rcc1 Rfd8 21. Rf1 g6 22. Nd2 e4 23. N2xe4 Bxb2 24. Rb1 Be5 25. Ng5 Bxd6 26. Nxe6 Re8 27. cxd6 Rxd6 28. Nc5 Rxe3 29. Nxb7 Rde6 30. Nc5 Rd6 31. Rb6 Rc3 32. Na4 Rc4 33. Nb2 Rc2 34. Nd3 Rxe2 35. Nf4 Rc2 36. Re1 Kg7 37. h4 Kf6 38. Nd5+ Kg7 39. Ne7 Rxg2+ 40. Kxg2 Rd2+ 41. Kf1 Nd4 42. Nd5 Nf3 43. Rb7+ Kh6 44. Re3 Nh2+ 45. Kg1 Ng4 46. Ree7 Rd1+ 47. Kg2 Rd2+ 48. Kf1 Rd1+ 49. Ke2 1-0


[Site "https://www.chess.com"]

[Event "Titled Tuesday Blitz February 14 Late 2023"]
[White "Kanyamarala, Trisha"]
[Black "Stanisz, Patryk"]
[WhiteFideId "45004722"]
[BlackFideId "1123106"]
[WhiteElo "2278"]
[BlackElo "2161"]
[Result "1-0"]
[Round "04"]
[TimeControl "180+2"]
[Date "2023.02.14"]
[WhiteClock "0:00:08"]
[BlackClock "0:00:04"]

1. c4 Nf6 2. Nc3 c6 3. e4 d5 4. e5 Ne4 5. Nxe4 dxe4 6. d4 exd3 7. Bxd3 g6 8. Nf3 Bg7 9. O-O O-O 10. h3 h6 11. Bf4 Be6 12. Qc2 Na6 13. a3 Nc5 14. Be2 Bf5 15. Qc3 g5 16. Bh2 Ne6 17. Rfd1 Qb6 18. Rac1 Rad8 19. c5 Qc7 20. b4 Rxd1+ 21. Rxd1 Rd8 22. Qc1 a5 23. Bc4 axb4 24. axb4 g4 25. Nh4 Bh7 26. hxg4 Nd4 27. e6 Qc8 28. exf7+ Kf8 29. Re1 Qxg4 30. Bg3 e6 31. Qe3 Bf5 32. Nxf5 Qxf5 33. Bd6+ Kxf7 34. Qg3 Re8 35. Bd3 Qf6 36. Be5 Qg5 37. Qxg5 hxg5 38. Bd6 Bf6 39. f3 e5 40. Bc4+ Kg6 41. Kf2 Kg7 42. Rh1 Ra8 43. Bd3 Rh8 44. Ra1 Re8 45. Ra7 Kg8 46. Rxb7 Nb3 47. Bc4+ Kh8 48. Bxb3 Bg7 49. Bc2 Ra8 50. Be4 Ra2+ 51. Kg3 g4 52. Rb8+ Bf8 53. Rxf8+ Kg7 54. Rf5 gxf3 55. Rg5+ Kf6 56. Rg6+ Kf7 57. gxf3 Rb2 58. Rh6 Rxb4 59. Rh7+ Ke6 60. Rc7 Ra4 61. Bxc6 Kf5 62. Bd7+ Kg5 63. Bxa4 Kh5 64. c6 e4 65. Re7 exf3 66. Kxf3 Kg6 67. Rg7+ Kf6 68. c7 Kxg7 69. Be5+ Kh7 70. c8=Q Kg6 71. Qe6+ Kh5 72. Qf5+ Kh6 73. Qf6+ Kh5 74. Be8# 1-0


[Site "https://www.chess.com"]

[Event "Titled Tuesday Blitz February 14 Late 2023"]
[White "Clawitter, Craig"]
[Black "Ansh M Shah"]
[WhiteFideId "2023105"]
[BlackFideId "25033379"]
[WhiteElo "2050"]
[BlackElo "2171"]
[Result "0-1"]
[Round "04"]
[TimeControl "180+2"]
[Date "2023.02.14"]
[WhiteClock "0:00:09"]
[BlackClock "0:00:11"]

1. e4 c6 2. d4 d5 3. e5 Bf5 4. Nf3 e6 5. Be2 c5 6. Be3 Qb6 7. Nc3 Nc6 8. O-O Qxb2 9. Qe1 cxd4 10. Bxd4 Nxd4 11. Nxd4 Bb4 12. Rb1 Bxc3 13. Rxb2 Bxe1 14. Rxe1 b6 15. Bb5+ Kf8 16. Nxf5 exf5 17. e6 Ne7 18. exf7 Kxf7 19. c3 Rac8 20. Rbe2 Rc7 21. h4 Rd8 22. h5 Rd6 23. Re3 d4 24. cxd4 Rxd4 25. g3 Rb4 26. a4 a6 27. Bxa6 Rxa4 28. Bb5 Rb4 29. Re5 g6 30. hxg6+ hxg6 31. Bd3 Rd4 32. Bb1 Rd6 33. Kg2 Kf6 34. Rb5 Rc5 35. Rxc5 bxc5 36. Rc1 Rc6 37. Ba2 Nc8 38. Bd5 Rc7 39. Kf3 Nb6 40. Bc4 Nxc4 41. Rxc4 Ke5 42. Ke3 Kd5 43. Kd3 Ra7 44. g4 Ra3+ 45. Rc3 Rxc3+ 46. Kxc3 fxg4 47. Kd3 c4+ 48. Kc3 Ke4 49. Kxc4 Kf3 0-1


[Site "https://www.chess.com"]

[Event "Titled Tuesday Blitz February 14 Late 2023"]
[White "Oliveira, Tiago Batista"]
[Black "Carrasco Miranda, Andres"]
[WhiteFideId "2108291"]
[BlackFideId "3405990"]
[WhiteElo "1991"]
[BlackElo "2240"]
[Result "0-1"]
[Round "04"]
[TimeControl "180+2"]
[Date "2023.02.14"]
[WhiteClock "0:00:01"]
[BlackClock "0:00:15"]

1. d4 Nf6 2. c4 g6 3. Nc3 d5 4. cxd5 Nxd5 5. e4 Nxc3 6. bxc3 Bg7 7. Be3 c5 8. Rc1 Qa5 9. Qd2 O-O 10. d5 e6 11. c4 Qa4 12. Bxc5 Rd8 13. Bd3 exd5 14. cxd5 Na6 15. Be7 Re8 16. Bd6 Bf5 17. f3 Rad8 18. Rc4 Qd7 19. Ba3 Qxd5 20. Ke2 Bh6 21. Qc2 b5 22. Rc6 b4 23. Bxa6 Bxe4 24. fxe4 Rxe4+ 25. Kf1 bxa3 26. Nf3 Rb4 0-1


[Site "https://www.chess.com"]

[Event "Titled Tuesday Blitz February 14 Late 2023"]
[White "Georg, Heinz"]
[Black "Rodrigues, Tiago Pereira"]
[WhiteFideId "4607295"]
[BlackFideId "2101203"]
[WhiteElo "2107"]
[BlackElo "2155"]
[Result "1/2-1/2"]
[Round "04"]
[TimeControl "180+2"]
[Date "2023.02.14"]
[WhiteClock "0:00:02"]
[BlackClock "0:00:41"]

1. e4 c5 2. Nf3 a6 3. c4 d6 4. Nc3 Bg4 5. Be2 Nc6 6. d3 g6 7. Be3 Bg7 8. O-O Nf6 9. d4 Bxf3 10. Bxf3 cxd4 11. Bxd4 Nxd4 12. Qxd4 O-O 13. Qd3 Nd7 14. Rac1 Rc8 15. b3 Re8 16. Nd5 e6 17. Ne3 Qc7 18. g3 h5 19. h4 Ne5 20. Qe2 Red8 21. Bg2 Qa5 22. f4 Nc6 23. f5 Ne5 24. Bh3 Re8 25. fxg6 fxg6 26. Rcd1 Qc5 27. Kh1 Qc6 28. Ng2 Re7 29. Nf4 Rce8 30. Kh2 Bh6 31. Nd3 Bg7 32. Nf4 Kh7 33. g4 hxg4 34. Bxg4 Nxg4+ 35. Qxg4 Qxe4 36. h5 gxh5 37. Qxh5+ Kg8 38. Ng6 Be5+ 39. Nxe5 Qxe5+ 40. Qxe5 dxe5 41. Rg1+ Kh7 42. Rg5 Rf8 43. Rdg1 Rf5 44. R5g4 Rh5+ 45. Kg3 Rg7 46. Kf3 Rxg4 47. Kxg4 Kg6 48. Rd1 Rh2 49. Rd7 b5 50. cxb5 axb5 51. a4 bxa4 52. bxa4 Ra2 53. Ra7 Kf6 54. a5 Ra4+ 55. Kf3 e4+ 56. Kf4 e5+ 57. Ke3 Ke6 58. a6 Kf5 59. Rf7+ Ke6 60. Ra7 Kd6 61. Ra8 Kc7 62. Re8 Kd6 63. Ra8 Kc6 64. Re8 Rxa6 65. Re6+ Kb5 66. Rxa6 Kxa6 67. Kxe4 Kb6 68. Kxe5 1/2-1/2


[Site "https://www.chess.com"]

[Event "Titled Tuesday Blitz February 14 Late 2023"]
[White "Golubev, Mikhail"]
[Black "Cueto, Jonny"]
[WhiteFideId "14100983"]
[BlackFideId "3300145"]
[WhiteElo "2461"]
[BlackElo "2122"]
[Result "0-1"]
[Round "04"]
[TimeControl "180+2"]
[Date "2023.02.14"]
[WhiteClock "0:00:03"]
[BlackClock "0:01:11"]

1. e4 e6 2. d4 d5 3. Nc3 Nf6 4. e5 Nfd7 5. f4 c5 6. Nf3 Nc6 7. Be3 Be7 8. Qd2 O-O 9. Qf2 a6 10. dxc5 Qa5 11. O-O-O b5 12. Kb1 b4 13. Nxd5 exd5 14. Rxd5 b3 15. a3 Nb4 16. axb4 Qa2+ 17. Kc1 Qa1+ 18. Kd2 Qxb2 19. Bd3 bxc2 20. Bxc2 Qxb4+ 21. Kc1 a5 22. Rhd1 a4 23. R1d4 Qb5 0-1


[Site "https://www.chess.com"]

[Event "Titled Tuesday Blitz February 14 Late 2023"]
[White "Sonnenschein, Philipp"]
[Black "Onslow, Alfie"]
[WhiteFideId "16250877"]
[BlackFideId "436976"]
[WhiteElo "2224"]
[BlackElo "2157"]
[Result "1-0"]
[Round "04"]
[TimeControl "180+2"]
[Date "2023.02.14"]
[WhiteClock "0:01:19"]
[BlackClock "0:00:31"]

1. e4 c5 2. Nf3 Nc6 3. Bb5 e5 4. O-O Bd6 5. d4 cxd4 6. c3 a6 7. Bxc6 dxc6 8. cxd4 exd4 9. Qxd4 Bc7 10. Qxg7 Qf6 11. Bh6 Qxh6 12. Qxh8 Qg6 13. Ne5 Bxe5 14. Qxe5+ Be6 15. Rd1 Ne7 16. Nc3 Bg4 17. Rd3 Kf8 18. h3 Be6 19. Rg3 Qh6 20. Qh8+ 1-0


[Site "https://www.chess.com"]

[Event "Titled Tuesday Blitz February 14 Late 2023"]
[White "Womacka, Mathias"]
[Black "Mendez Machado, Andre"]
[WhiteFideId "4611390"]
[BlackFideId "6603793"]
[WhiteElo "2396"]
[BlackElo "1974"]
[Result "1-0"]
[Round "04"]
[TimeControl "180+2"]
[Date "2023.02.14"]
[WhiteClock "0:00:36"]
[BlackClock "0:00:01"]

1. e4 e5 2. Nf3 Nc6 3. Bb5 a6 4. Bxc6 dxc6 5. O-O Bg4 6. h3 h5 7. d3 Qf6 8. Nbd2 g5 9. Nc4 Bxf3 10. Qxf3 Qxf3 11. gxf3 f6 12. Be3 c5 13. Rfd1 O-O-O 14. c3 Ne7 15. Bxc5 Ng6 16. Be3 Nh4 17. Kf1 Nxf3 18. Ke2 Nh4 19. d4 exd4 20. Bxd4 Bg7 21. Ne3 Rhe8 22. f3 b6 23. b4 Bh8 24. Kf2 Ng6 25. Nd5 Re6 26. a4 Ne5 27. Ne3 Nc6 28. b5 Nxd4 29. cxd4 Red6 30. Nf5 Re6 31. d5 Re5 32. bxa6 Kb8 33. a5 bxa5 34. Rxa5 g4 35. hxg4 hxg4 36. Rb1+ Ka8 37. Rb7 gxf3 38. Kxf3 Rde8 39. Ra4 Rc8 40. Rc4 c5 41. Nd6 Rd8 42. Nb5 f5 43. Nc7# 1-0


[Site "https://www.chess.com"]

[Event "Titled Tuesday Blitz February 14 Late 2023"]
[White "Zaksaite, Salomeja"]
[Black "Seletsky, Grigory"]
[WhiteFideId "12801496"]
[BlackFideId "14112191"]
[WhiteElo "2283"]
[BlackElo "2259"]
[Result "0-1"]
[Round "04"]
[TimeControl "180+2"]
[Date "2023.02.14"]
[WhiteClock "0:00:01"]
[BlackClock "0:00:10"]

1. e4 e6 2. d4 d5 3. Nc3 Nc6 4. e5 Nge7 5. Nf3 Nf5 6. Ne2 h5 7. Ng3 b6 8. Nxf5 exf5 9. Bb5 Bd7 10. O-O Be7 11. Re1 O-O 12. e6 fxe6 13. Bxc6 Bxc6 14. Rxe6 Rf6 15. Qe2 Bb5 16. Qe1 Rxe6 17. Qxe6+ Kh8 18. Qxf5 Bf6 19. Qxh5+ Kg8 20. Bg5 Be8 21. Bxf6 Bxh5 22. Bxd8 Bxf3 23. Bxc7 Be4 24. c3 Rc8 25. Be5 b5 26. a3 a5 27. f3 Bd3 28. Kf2 a4 29. Ke3 Bc4 30. g4 Kf7 31. f4 Rh8 32. f5 Rh3+ 33. Bg3 g6 34. fxg6+ Kxg6 35. Kf4 Rh7 36. Re1 Rf7+ 37. Ke5 Kg5 38. Rg1 Kxg4 39. Bf4+ Kh4 40. Rg6 Re7+ 41. Kf6 Rh7 42. Bg3+ Kh3 43. Rg5 Kg2 44. Kg6 Rh3 45. Kf6 Kf3 46. Ke5 Ke3 47. Kd6 Kd2 0-1


[Site "https://www.chess.com"]

[Event "Titled Tuesday Blitz February 14 Late 2023"]
[White "Sariego Figueredo, Wilfredo"]
[Black "Gasparyan, David"]
[WhiteFideId "3500080"]
[BlackFideId "13311980"]
[WhiteElo "2318"]
[BlackElo "2142"]
[Result "0-1"]
[Round "04"]
[TimeControl "180+2"]
[Date "2023.02.14"]
[WhiteClock "0:00:15"]
[BlackClock "0:00:51"]

1. d4 Nf6 2. Bf4 d6 3. e3 Nbd7 4. Be2 e5 5. dxe5 dxe5 6. Bg3 c6 7. Nd2 Be7 8. c3 O-O 9. Ngf3 e4 10. Ne5 Nc5 11. O-O Bf5 12. Nb3 Qc8 13. Nd4 Rd8 14. Qc2 Nd3 15. Nxd3 exd3 16. Bxd3 Bxd3 17. Qxd3 c5 18. Nf5 Rxd3 19. Nxe7+ Kf8 20. Nxc8 Rxc8 21. Rfd1 Rcd8 22. Rxd3 Rxd3 23. Kf1 Rd2 24. Rb1 c4 25. Ke1 Ne4 26. f3 Rxg2 27. Rd1 Rg1+ 28. Ke2 Nxg3+ 29. hxg3 Rg2+ 30. Kf1 Rxb2 31. Rd4 b5 32. a3 Rb3 33. Rd5 a6 34. Rd6 Rxa3 35. Rb6 Rxc3 36. Rxa6 Rxe3 37. Kf2 Rb3 38. Rb6 g6 39. g4 Kg7 40. g5 h6 41. f4 h5 42. Rb8 h4 43. Kg2 b4 44. Kh2 c3 45. Rc8 Rb2+ 46. Kh3 c2 47. Kxh4 b3 48. Rc3 Rb1 49. Rc6 c1=Q 50. Rxc1 Rxc1 51. Kg4 b2 52. f5 gxf5+ 53. Kxf5 b1=Q+ 54. Kg4 Qb4+ 55. Kf3 Rc3+ 56. Kg2 Qb2+ 57. Kh1 Rc1# 0-1


[Site "https://www.chess.com"]

[Event "Titled Tuesday Blitz February 14 Late 2023"]
[White "Gutkin, Ilya"]
[Black "Wang, Alexander J"]
[WhiteFideId "16203470"]
[BlackFideId "30955270"]
[WhiteElo "2273"]
[BlackElo "1815"]
[Result "1-0"]
[Round "04"]
[TimeControl "180+2"]
[Date "2023.02.14"]
[WhiteClock "0:00:54"]
[BlackClock "0:00:23"]

1. e4 c5 2. Nf3 d6 3. Bb5+ Bd7 4. Bxd7+ Qxd7 5. c4 Nf6 6. Nc3 Nc6 7. d4 cxd4 8. Nxd4 g6 9. O-O Bg7 10. f3 O-O 11. Be3 Rac8 12. b3 e6 13. Rc1 Ne5 14. Ndb5 a6 15. Nxd6 Rc6 16. c5 b6 17. Bd4 Ne8 18. f4 Nxd6 19. Bxe5 bxc5 20. Bxg7 Kxg7 21. e5 1-0


[Site "https://www.chess.com"]

[Event "Titled Tuesday Blitz February 14 Late 2023"]
[White "mestrefeitosa19"]
[Black "Bouget, Alexandre"]
[BlackFideId "681318"]
[WhiteElo "2187"]
[BlackElo "2267"]
[Result "0-1"]
[Round "04"]
[TimeControl "180+2"]
[Date "2023.02.14"]
[WhiteClock "0:00:04"]
[BlackClock "0:00:17"]

1. c4 c5 2. Nc3 Nc6 3. Nf3 g6 4. e3 Bg7 5. d4 cxd4 6. exd4 d6 7. Be2 Bg4 8. d5 Bxf3 9. Bxf3 Ne5 10. O-O Nxf3+ 11. Qxf3 Nf6 12. Re1 O-O 13. Bg5 Rc8 14. b3 h6 15. Bd2 Nd7 16. Rac1 Ne5 17. Qh3 Kh7 18. Ne4 f6 19. Bc3 Qd7 20. Qe3 f5 21. Nd2 f4 22. Qd4 Nf3+ 23. Nxf3 Bxd4 24. Nxd4 Rf7 25. Re6 a6 26. a4 g5 27. Rce1 f3 28. Nxf3 b5 29. axb5 axb5 30. R1e4 bxc4 31. bxc4 Qa4 32. Nd2 Qd1+ 33. Re1 Qc2 34. R6e3 Kg6 35. h3 Rcf8 36. Re6+ Kh7 37. R6e5 0-1


[Site "https://www.chess.com"]

[Event "Titled Tuesday Blitz February 14 Late 2023"]
[White "Figorito, Nick"]
[Black "Curtis, John"]
[WhiteFideId "30923689"]
[BlackFideId "3200256"]
[WhiteElo "2036"]
[BlackElo "2292"]
[Result "1-0"]
[Round "04"]
[TimeControl "180+2"]
[Date "2023.02.14"]
[WhiteClock "0:01:17"]
[BlackClock "0:01:32"]

1. Nf3 d5 2. g3 c6 3. Bg2 Bf5 4. O-O h6 5. c4 e6 6. cxd5 exd5 7. d4 Nf6 8. Nc3 Bd6 9. Bf4 Bxf4 10. gxf4 Nbd7 11. Ne5 O-O 12. Qb3 Qb6 13. e3 Qxb3 14. axb3 a6 15. b4 Nxe5 16. fxe5 Nd7 17. Na4 f6 18. exf6 Nxf6 19. Nc5 Rf7 20. Rfd1 Re8 21. Rd2 Ne4 22. Nxe4 Bxe4 23. Bxe4 Rxe4 24. Kh1 Kf8 25. Rg1 g5 26. Rg3 Re6 27. Kg2 Ref6 28. Rg4 Ke8 29. h4 gxh4 30. Rxh4 Kd7 31. f4 Kc7 32. Kf3 Kb6 33. Rdh2 Kb5 34. Rxh6 Rxh6 35. Rxh6 Kxb4 36. Rh2 Kb3 37. Kg4 a5 38. f5 b5 39. Kg5 b4 40. Kg6 Rf8 41. f6 a4 42. Kg7 Rb8 43. f7 a3 44. bxa3 bxa3 45. f8=Q Rxf8 46. Kxf8 a2 47. Rh1 Kb2 48. Ke7 a1=Q 49. Rxa1 Kxa1 50. Kd6 Kb2 51. Kxc6 Kc3 52. Kxd5 Kd3 53. e4 Ke3 54. e5 Kf4 55. e6 Kf5 56. e7 Kf6 57. e8=Q Kf5 58. Qf7+ 1-0


[Site "https://www.chess.com"]